 Dungeon Crawl Stone Soup version 0.28.0-47-ge53b351184 (webtiles) character file.

Game seed: 10938684614744329267

85 HoboWithaBrick the Sneak (level 4, -2/33 HPs)
             Began as a Demonspawn Brigand on Apr 29, 2022.
             Killed from afar by Natasha (9 damage)
             ... with a magic dart
             ... on level 2 of the Dungeon.
             The game lasted 00:12:51 (1629 turns).

HoboWithaBrick the Sneak (Demonspawn Brigand)       Turns: 1629, Time: 00:12:52

Health: -2/33      AC:  4    Str: 11    XL:     4   Next: 25%
Magic:  4/4        EV: 12    Int: 12    God:
Gold:   98         SH:  4    Dex: 17    Spells: 3/3 levels left

rFire   . . .      SeeInvis .   a - +2 dagger
rCold   . . .      Faith    .   (no shield)
rNeg    . . .      Spirit   .   b - +0 robe
rPois   .          Reflect  .   (no helmet)
rElec   .          Harm     .   c - +0 cloak
rCorr   .          Rampage  .   (no gloves)
Will    .....                   m - +0 pair of boots
Stlth   +++.......              (no amulet)
HPRegen 0.11/turn               (no ring)
MPRegen 0.09/turn               (no ring)

@: no status effects
A: powered by pain 1, condensation shield
a: no special abilities


You were on level 2 of the Dungeon.
You visited 1 branch of the dungeon, and saw 2 of its levels.

You collected 98 gold pieces.

Inventory:

Hand Weapons
 a - a +2 dagger (weapon)
Armour
 b - a +0 robe (worn)
 c - a +0 cloak (worn)
 m - a +0 pair of boots (worn)
Scrolls
 f - 2 scrolls of magic mapping
 g - a scroll of noise
 j - a scroll of holy word {unknown}
 n - a scroll of immolation {unknown}
 o - a scroll of teleportation {unknown}
Potions
 h - 2 potions of magic
 i - a potion of lignification {unknown}
 k - a potion of heal wounds {unknown}
 l - 2 potions of flight {unknown}


   Skills:
 + Level 2.1 Fighting
 * Level 2.2 Short Blades
 * Level 2.3 Throwing
 * Level 1.2 Dodging
 * Level 4.8 Stealth


You had 3 spell levels left.
You didn't know any spells.
Your spell library was empty.

Dungeon Overview and Level Annotations

Branches:
Dungeon (2/15)

Altars:

Annotations:
D:2 Natasha


Innate Abilities, Weirdness & Mutations

You sometimes gain a little power by taking damage.
A meltable shield of frost defends you. (SH +4)


Message History

You hit the crimson imp.
The crimson imp is lightly wounded.
The crimson imp closely misses you.
Natasha mumbles some strange words.
The crimson imp grins evilly.
The crimson imp closely misses you.
You barely miss the crimson imp.
The crimson imp disappears in a puff of smoke!
The crimson imp blinks! x2
You hit Natasha.
Natasha is heavily wounded.
You block Natasha's attack.
The crimson imp laughs crazily.
Natasha claws you but does no damage.
You miss Natasha.
Natasha is heavily wounded.
Natasha claws you but does no damage.
You barely miss Natasha.
Natasha is heavily wounded.
You feel yourself speed up. Natasha barely misses you. Natasha claws you.
You completely miss Natasha.
Natasha is heavily wounded.
You barely miss Natasha.
Natasha is heavily wounded.
Natasha casts a spell at you. The magic dart hits you!
You closely miss Natasha.
Natasha is heavily wounded.
Natasha claws you.
* * * LOW HITPOINT WARNING * * *
You hit Natasha.
Natasha is severely wounded.
Natasha claws you.
* * * LOW HITPOINT WARNING * * *
You hit Natasha.
Natasha is almost dead.
Natasha casts a spell at you. The magic dart hits you!
You die...

#.#.####.###.#..........#
######.#.#........#.###.####.#
..................#........#.#
.......#.#.#..........#.##.#.####
.........#.#.####..#..#.##.......
........##.#.#..#....<#.####.####
...#.#####.#....#.....#.#......##
.....<..........##.##.#.#....#.##
................@h5....(######.##
....#.####.#######.....(....(.((§
...........# #..#..######...#
....#.###..# #..#..# *.....
....#.###..# #...#.# #..#.#
....#......# #.....# #..#(.
....#####.## ##..### #..###
..#.#####†#######*#..#*****#.....
.................,....,,,,,......


You could see Natasha and a crimson imp (summoned).

Vanquished Creatures
  Natasha (twice) (D:2)
  An adder (D:2)
  A worm (D:2)
  A dart slug (D:2)
  An endoplasm (D:2)
  A goblin (D:2)
  5 hobgoblins
  A kobold (D:1)
  A quokka (D:2)
  A ball python (D:2)
  3 bats
  5 rats
23 creatures vanquished.

Notes
Turn   | Place    | Note
-------+----------+-------------------------------------------
     0 | D:1      | HoboWithaBrick the Demonspawn Brigand began the quest for
                  | the Orb.
     0 | D:1      | Reached XP level 1. HP: 16/16 MP: 1/1
   441 | D:1      | Found a faded altar of an unknown god.
   840 | D:2      | Gained mutation: A meltable shield of frost defends you.
                  | (SH +4) [demonic ancestry]
   840 | D:2      | Reached XP level 2. HP: 22/22 MP: 2/2
   935 | D:2      | Reached skill level 4 in Stealth
  1060 | D:2      | Reached skill level 1 in Dodging
  1122 | D:2      | Gained mutation: You sometimes gain a little power by
                  | taking damage. [demonic ancestry]
  1122 | D:2      | Reached XP level 3. HP: 13/27 MP: 3/3
  1406 | D:2      | Noticed Natasha
  1408 | D:2      | Killed Natasha
  1567 | D:2      | Noticed Natasha
  1584 | D:2      | Killed Natasha
  1585 | D:2      | Reached XP level 4. HP: 27/33 MP: 4/4
  1597 | D:2      | Noticed Natasha
  1629 | D:2      | Killed from afar by Natasha

Illustrated notes

Levels and vault maps discovered:
D:1:      dpeg_arrival_ternary, layout_loops_ring, basic_ecumenical_altar
D:2:      kennysheep_six_static_rooms, layout_basic, uniq_natasha

Skill      XL: |  1  2 |
---------------+-------+-----
Short Blades   | 2 |  2.2
Stealth        | 4 |  4.8
Throwing       | 2 |  2.3
Dodging        | 1 |  1.2
Fighting       | |  2.1

Action                   |  1- 3 |  4- 6 || total
-------------------------+-------+-------++-------
Melee: Dagger            |    61 |    12 ||    73
Throw: Dart              |    14 |     8 ||    22
  Use: Scroll            |     4 |       ||     4
 Stab: Sleeping          |    10 |       ||    10
Armor: Robe              |    10 |     2 ||    12
Dodge: Dodged            |    16 |     6 ||    22
Block: Other             |     2 |     1 ||     3
